 Dungeon Crawl Stone Soup version 0.29-a0-416-g83a48905f1 (webtiles) character file.

Game seed: 11203008034410363508

2953 Pelinal the Covert (level 9, -3/57 HPs)
             Began as a Merfolk Ice Elementalist on May 17, 2022.
             Was an Initiate of Ashenzari.
             Slain by a two-headed ogre
             ... wielding a +0 giant club
              (5 damage)
             ... on level 7 of the Dungeon.
             The game lasted 00:16:30 (6901 turns).

Pelinal the Covert (Merfolk Ice Elementalist)       Turns: 6901, Time: 00:16:31

Health: -3/57      AC:  3    Str:  8      XL:     9   Next: 81%
Magic:  14/19      EV: 19    Int: 13 (14) God:    Ashenzari [......]
Gold:   369        SH:  0    Dex: 19      Spells: 3/12 levels left

rFire   . . .      SeeInvis .   I - +2 trident (venom)
rCold   . . .      Faith    .   (no shield)
rNeg    . . .      Spirit   .   a - +0 robe
rPois   .          Reflect  .   (no helmet)
rElec   .          Harm     .   e - +0 cloak
rCorr   .          Rampage  .   (no gloves)
Will    +....                   (no boots)
Stlth   ++++......              (no amulet)
HPRegen 0.19/turn               c - +4 ring of evasion
MPRegen 0.16/turn               B - ring of magical power

@: brilliant, studying Crossbows
A: (nimble swimmer 2), mertail, deterioration 2, low MP 1, strong-willed 1
a: Renounce Religion


You were on level 7 of the Dungeon.
You worshipped Ashenzari.
Ashenzari was noncommittal.
You visited 2 branches of the dungeon, and saw 8 of its levels.
You also visited: Sewer.

You collected 369 gold pieces.

Inventory:

Hand Weapons
 g - a +4 dagger of distortion
 i - a +0 dagger
 y - a +0 spear
 I - a +2 trident of venom (weapon)
Missiles
 f - 3 poisoned darts (quivered)
 D - 6 atropa-tipped darts
 F - 2 throwing nets
 G - 2 silver javelins
Armour
 a - a +0 robe (worn)
 e - a +0 cloak (worn)
 J - a +0 kite shield
 L - a +0 cloak
Jewellery
 c - a +4 ring of evasion (left hand)
 B - a ring of magical power (right hand)
 E - an amulet of faith
Wands
 K - a wand of iceblast (9)
Scrolls
 h - 2 scrolls of magic mapping
 j - a scroll of torment {unknown}
 m - a scroll of fog {unknown}
 n - 2 scrolls of vulnerability {unknown}
 o - a scroll of immolation {unknown}
 p - a scroll of enchant armour {unknown}
 q - a scroll of summoning {unknown}
 u - a scroll of brand weapon {unknown}
 v - a scroll of silence {unknown}
 w - 2 scrolls of poison {unknown}
 x - a scroll of blinking {unknown}
 A - 2 scrolls of amnesia {unknown}
 C - 2 scrolls of teleportation {unknown}
 H - a scroll of enchant weapon {unknown}
 M - 2 scrolls of identify {unknown}
Potions
 b - 2 potions of magic
 d - a potion of brilliance
 k - a potion of mutation
 l - a potion of curing
 r - a potion of might {unknown}
 s - 2 potions of lignification {unknown}
 t - a potion of cancellation
 z - a potion of heal wounds {unknown}
 N - a potion of attraction {unknown}


   Skills:
 + Level 5.1 Polearms
 - Level 6.0 Throwing
 + Level 5.9 Dodging
 - Level 9.0 Stealth
 - Level 2.0 Spellcasting
 - Level 5.0 Transmutations
 - Level 8.0 Ice Magic


You had 3 spell levels left.
You knew the following spells:

 Your Spells              Type           Power      Damage    Failure   Level
a - Freeze                Ice            100%       1d11      1%          1
b - Frozen Ramparts       Ice            66%        1d8       2%          3
c - Ozocubu's Armour      Ice            33%        N/A       2%          3
z - Wereblood             Tmut           21%        N/A       4%          2

Your spell library contained the following spells:

 Spells                   Type           Power      Damage    Failure   Level
 Beastly Appendage        Tmut           42%        N/A       3%          1
 Sting                    Tmut/Pois      44%        1d5       9%          1
 Animate Skeleton         Necr           2%         N/A       26%         1
 Apportation              Tloc           2%         N/A       26%         1
 Foxfire                  Conj/Fire      4%         2x1d4     26%         1
 Summon Small Mammal      Summ           4%         N/A       26%         1
 Spider Form              Tmut/Pois      11%        N/A       26%         3
 Poisonous Vapours        Pois/Air       2%         N/A       36%         2
 Scorch                   Fire           2%         2d5       36%         2
 Conjure Flame            Conj/Fire      1%         6-21      58%         3
 Dazzling Flash           Conj/Hex       2%         N/A       58%         3
 Inner Flame              Hex/Fire       1%         N/A       58%         3
 Hailstorm                Conj/Ice       17%        3d6       43%         4
 Flame Wave               Conj/Fire      1%         2d4       94%         4
 Olgreb's Toxic Radiance  Pois           1%         N/A       94%         4
 Agony                    Necr           1%         N/A       100%        5
 Silence                  Hex/Air        0%         N/A       100%        5
 Summon Cactus Giant      Summ           0%         N/A       100%        6


Dungeon Overview and Level Annotations

Branches:
Dungeon (7/15)             Temple (1/1) D:6           Sewer (visited)

Altars:
Ashenzari
Cheibriados
Dithmenos
Elyvilon
Fedhas
Gozag
Hepliaklqana
Kikubaaqudgha
Makhleb
Nemelex Xobeh
Qazlal
Ru
Sif Muna
Trog
Uskayaw
Vehumet
Wu Jian
Xom
Yredelemnul
Zin
The Shining One

Shops:
D:1 [


Innate Abilities, Weirdness & Mutations

((You are very nimble when in or above water. (Stealth+, EV+, Speed+++)))
Your lower body shifts to a powerful aquatic tail in water.
Your body often deteriorates upon taking damage.
Your magical capacity is low. (-10% MP)
You are strong-willed. (Will+)


Message History

The ice beast is heavily wounded.
The ice beast barely misses you.
You closely miss the ice beast.
The ice beast is heavily wounded.
The ice beast barely misses you.
You closely miss the ice beast.
The ice beast is heavily wounded.
The ice beast hits you but does no damage. x2
You hit the ice beast.
The ice beast is severely wounded.
The ice beast completely misses you.
You hit the ice beast but do no damage.
The ice beast is almost dead.
Something unseen opens the door.
The ice beast closely misses you.
You hit the ice beast but do no damage.
The ice beast is almost dead.
A two-headed ogre comes into view.
It is wielding a +0 giant club and a +0 giant spiked club.
The ice beast completely misses you.
The two-headed ogre shouts in stereo!
You hit the ice beast but do no damage.
The ice beast is almost dead.
The ice beast hits you but does no damage.
You hit the ice beast.
You kill the ice beast!
Your Polearms skill increases to level 5!
Your icy armour will break if you move.
Continue?
Okay, then.
Your icy armour will break if you move.
Continue?
Your icy armour cracks and falls away as you move.
The two-headed ogre attacks as you move away!
The two-headed ogre hits you with a +0 giant club!
* * * LOW HITPOINT WARNING * * *
Your body deteriorates!
You feel dopey.
The two-headed ogre hits you with a +0 giant spiked club!
* * * LOW HITPOINT WARNING * * *
Unknown command.
The two-headed ogre attacks as you move away!
The two-headed ogre misses you.
The two-headed ogre hits you with a +0 giant spiked club.
You die...

#....# '# #.†..#...
#.†..'... #....#
#+#######....####
#..#.............
#..#.............
#..#...O.........
#.##..@..........
######.#....#########.
#......#....#
#......'..<.#
#####+##....#
........#+###
........'...#
........#...#
........#...#


You could see a two-headed ogre.

Vanquished Creatures
  A troll (D:5)
  A yak (D:5)
  Edmund (D:5)
  5 water moccasins
  An ice beast (D:7)
  A sky beast (D:7)
  A wolf (D:5)
  A phantom (D:5)
  A gnoll sergeant (D:5)
  A bullfrog (D:6)
  A necrophage (D:6)
  4 scorpions
  3 howler monkeys (D:7)
  4 jellies
  8 hounds
  3 orc priests
  A gnoll shaman (D:5)
  6 iguanas
  5 orc wizards
  9 gnolls (D:5)
  13 adders
  An ufetubus (D:6)
  3 worms (D:3)
  3 dart slugs
  14 orcs
  6 ball pythons
  7 endoplasms
  4 giant cockroaches
  3 goblins
  6 hobgoblins
  7 jackals
  9 quokkas
  5 bats
  5 frilled lizards
  6 kobolds
  4 rats
154 creatures vanquished.

Notes
Turn   | Place    | Note
-------+----------+-------------------------------------------
     0 | D:1      | Pelinal the Merfolk Ice Elementalist began the quest for
                  | the Orb.
     0 | D:1      | Reached XP level 1. HP: 13/13 MP: 3/3
   297 | D:1      | Reached XP level 2. HP: 19/19 MP: 3/5
   372 | D:1      | Reached skill level 5 in Ice Magic
   382 | D:1      | Found a faded altar of an unknown god.
   423 | D:1      | Found Cuab's Armour Shop.
   869 | D:2      | Reached XP level 3. HP: 17/24 MP: 4/6
  1229 | D:2      | Reached XP level 4. HP: 30/30 MP: 4/7
  1238 | D:2      | Learned a level 3 spell: Frozen Ramparts
  1242 | D:2      | Learned a level 3 spell: Ozocubu's Armour
  1773 | D:3      | Found a glowing drain.
  1778 | Sewer    | Entered a sewer
  1890 | Sewer    | Noticed a water moccasin
  1900 | Sewer    | Killed a water moccasin
  1901 | Sewer    | Reached XP level 5. HP: 30/35 MP: 0/8
  2285 | D:3      | Reached XP level 6. HP: 26/41 MP: 2/9
  2520 | D:3      | Found a burning altar of Makhleb.
  2837 | D:4      | Reached skill level 3 in Stealth
  3034 | D:4      | Reached skill level 4 in Stealth
  3273 | D:4      | Noticed a water moccasin
  3279 | D:4      | Killed a water moccasin
  3280 | D:4      | Reached skill level 5 in Stealth
  3280 | D:4      | Reached XP level 7. HP: 46/46 MP: 6/10
  3479 | D:4      | Reached skill level 6 in Stealth
  3597 | D:4      | Learned a level 2 spell: Wereblood
  3822 | D:5      | Entered Level 5 of the Dungeon
  3850 | D:5      | Reached skill level 7 in Stealth
  3961 | D:5      | Noticed Edmund
  3965 | D:5      | Reached XP level 8. HP: 38/52 MP: 10/11
  3978 | D:5      | Killed Edmund
  3979 | D:5      | Reached skill level 8 in Stealth
  4181 | D:5      | Reached skill level 1 in Throwing
  4380 | D:5      | Reached skill level 9 in Stealth
  4462 | D:5      | Noticed a yak
  4467 | D:5      | Noticed a troll
  4475 | D:5      | Killed a yak
  4480 | D:5      | Killed a troll
  4481 | D:5      | Reached skill level 5 in Throwing
  4665 | D:5      | You fall into a shaft and drop 1 floor!
  4679 | D:6      | Reached XP level 9. HP: 57/57 MP: 12/12
  4995 | D:5      | Reached skill level 1 in Transmutations
  5372 | D:6      | Found a staircase to the Ecumenical Temple.
  5381 | Temple   | Entered the Ecumenical Temple
  5685 | Temple   | Became a worshipper of Ashenzari the Shackled
  5980 | D:6      | Reached skill level 5 in Transmutations
  6009 | D:6      | Reached skill level 1 in Polearms
  6726 | D:6      | Reached skill level 5 in Dodging
  6882 | D:7      | Gained mutation: Your body sometimes deteriorates upon
                  | taking damage. [potion of mutation]
  6882 | D:7      | Gained mutation: Your magical capacity is low. (-10% MP)
                  | [potion of mutation]
  6882 | D:7      | Gained mutation: Your body often deteriorates upon taking
                  | damage. [potion of mutation]
  6882 | D:7      | Gained mutation: You are strong-willed. (Will+) [potion of
                  | mutation]
  6893 | D:7      | Noticed a two-headed ogre
  6896 | D:7      | Reached skill level 5 in Polearms
  6897 | D:7      | HP: 1/57 [two-headed ogre/+0 giant club (9)]
  6901 | D:7      | Slain by a two-headed ogre

Illustrated notes

Levels and vault maps discovered:
D:1:      dpeg_arrival_tiny_f, layout_basic, serial_shops, shop,
          basic_ecumenical_altar, minmay_distorted
D:2:      layout_rooms, wander_ebering_terrifying_dragon_lair
D:3:      minmay_evil_eye, layout_rooms, mainiacjoe_overflow_surrounded_room,
          gup_sewer_entry_bowl, grunt_ministairs_15
D:4:      layout_rooms, minmay_misc_feat_chi
D:5:      layout_cave_pools, serial_gnoll_camp, gnoll_camp_mini_doghouse,
          gnoll_camp_mini_hut, gnoll_camp_mini_sergeant, gnoll_camp_mini_hut,
          gnoll_camp_mini_loothouse, minmay_manual_monstrance, uniq_edmund
D:6:      layout_basic, minmay_temple_entry_waves
D:7:      layout_gridville, kennysheep_small_spiral
Temple:   mainiacjoe_temple_cubbyholes

Skill      XL: |  1  2  3  4  5  6  7  8  9 |
---------------+----------------------------+-----
Ice Magic      | 5 6 7 8 |  8.0
Stealth        | 5 7 9 |  9.0
Throwing       | 5 6 |  6.0
Transmutations | 5 |  5.0
Dodging        | 5 |  5.9
Polearms       | 5 |  5.1
Spellcasting   | |  2.0

Action                   |  1- 3 |  4- 6 |  7- 9 || total
-------------------------+-------+-------+-------++-------
Melee: Unarmed           |     4 |       |       ||     4
       Dagger            |    23 |    82 |    58 ||   163
       Tailslap          |       |     4 |       ||     4
       Trident           |       |       |    90 ||    90
       Punch             |       |       |     1 ||     1
Throw: Dart              |       |     1 |     9 ||    10
       Throwing net      |       |       |     1 ||     1
 Cast: Freeze            |    43 |    39 |    58 ||   140
       Frozen Ramparts   |       |    10 |    20 ||    30
       Ozocubu's Armour  |       |     4 |    14 ||    18
       Wereblood         |       |       |     1 ||     1
  Use: Scroll            |       |     1 |       ||     1
       Potion            |       |       |     4 ||     4
 Stab: Sleeping          |     2 |     6 |    11 ||    19
       Distracted        |       |     1 |       ||     1
Armor: Robe              |     8 |    12 |    39 ||    59
Dodge: Dodged            |    52 |   106 |   207 ||   365

Table legend: (Time is in decaauts)
 A = Elapsed time spent in this place.
 B = Non-inter-level travel time spent in this place.
 C = Inter-level travel time spent in this place.
 D = Time resting spent in this place.
 E = Time spent auto-exploring this place.
 F = Levels seen in this place.
 G = Mean time per level.
                   A        B        C        D        E       F      G
               +--------+--------+--------+--------+--------+-----+--------+
         Total |   6897 |   6736 |    161 |   1306 |   3643 |   9 |  766.3 |
       Dungeon |   6239 |   6131 |    108 |   1306 |   3163 |   7 |  891.3 |
        Temple |    449 |    396 |     53 |      0 |    389 |   1 |  449.0 |
         Sewer |    208 |    208 |      0 |      0 |     91 |   1 |  208.0 |
               +--------+--------+--------+--------+--------+-----+--------+

Top non-repeatable levels by time:
     D:5: 1442 daAuts
     D:6: 1117 daAuts
     D:4: 1051 daAuts
     D:3: 949 daAuts
     D:1: 847 daAuts
     D:2: 757 daAuts
  Temple: 449 daAuts
   Sewer: 208 daAuts
     D:7: 74 daAuts
